 Dungeon Crawl Stone Soup version 0.27-a0-417-g317cea8a3c (webtiles) character file.

Game seed: 883790158417220017

157845 hellse the Executioner (level 17, -9/232 (238) HPs)
             Began as a Minotaur Berserker on Feb 25, 2021.
             Was the Champion of Trog.
             Mangled by a goliath frog (20 damage)
             ... on level 3 of the Swamp.
             The game lasted 00:50:01 (34642 turns).

hellse the Executioner (Minotaur Berserker)        Turns: 34642, Time: 00:50:02

HP:   -9/232 (238)  AC:  9    Str: 27    XL:     17   Next: 13%
MP:   5/5           EV: 15    Int:  4    God:    Trog [******]
Gold: 778           SH:  0    Dex: 15    Spells: 16/16 levels left

rFire    . . .     SeeInvis .   S - +5 executioner's axe (antimagic)
rCold    + . .     Faith    .   (shield currently unavailable)
rNeg     . . .     Spirit   .   K - +2 ring mail {rPois}
rPois    +         Reflect  .   (helmet restricted)
rElec    .         Harm     .   N - +1 cloak
rCorr    .         Rampage  .   R - +1 pair of gloves {Dex+3}
Will     +....                  U - +1 pair of boots
Stlth    ..........             m - amulet of regeneration
HPRegen  1.48/turn              j - +4 ring of slaying
MPRegen  0.09/turn              J - ring of protection from cold

@: berserking (expiring), corroded, lightly drained, very quick
A: retaliatory headbutt, horns 2
a: Renounce Religion, Berserk, Trog's Hand, Brothers in Arms


You were on level 3 of the Swamp.
You worshipped Trog.
Trog was exalted by your worship.
You visited 4 branches of the dungeon, and saw 26 of its levels.
You visited the Abyss 1 time.
You also visited: Ossuary and Bailey.

You collected 2574 gold pieces.
You spent 1796 gold pieces at shops.

Inventory:

Hand Weapons
 a - the +10 battleaxe of True Grit {vorpal, *Noise rElec rC+ rN+}
   (Trog gifted it to you on level 8 of the Dungeon)

   It inflicts extra damage upon your enemies.
   It protects you from cold.
   It insulates you from electricity.
   It protects you from negative energy.
   It may make noises in combat.
 b - a +5 arbalest
 c - a +5 battleaxe of flaming
 S - a +5 antimagic executioner's axe (weapon)
Missiles
 g - 535 bolts
 p - 662 arrows
Armour
 f - a +0 plate armour
 H - a +1 scale mail of fire resistance
 K - a +2 ring mail of poison resistance (worn)
 N - a +1 cloak (worn)
 R - a +1 pair of gloves of dexterity (worn)
 U - a +1 pair of boots (worn)
Jewellery
 j - a +4 ring of slaying (left hand)
 m - an amulet of regeneration (around neck)
 v - a ring of flight
 J - a ring of protection from cold (right hand)
 V - a ring of ice
Wands
 d - a wand of digging (7)
 h - a wand of random effects (23)
 o - a wand of charming (31)
 q - a wand of paralysis (22)
 s - a wand of acid (31)
 y - a wand of iceblast (32)
 A - a wand of flame (55)
 O - a wand of mindburst (17)
Scrolls
 e - a scroll of summoning
 i - 7 scrolls of magic mapping
 l - 7 scrolls of teleportation
 z - 3 scrolls of fear
 F - 3 scrolls of vulnerability
 L - 4 scrolls of identify
 M - 4 scrolls of enchant weapon
 Q - 3 scrolls of silence
 T - 4 scrolls of fog
 Y - 3 scrolls of enchant armour
Potions
 k - 2 potions of degeneration
 n - 2 potions of invisibility
 r - 5 potions of attraction
 t - 3 potions of mutation {unknown}
 u - 6 potions of curing
 w - 6 potions of heal wounds {unknown}
 x - a potion of brilliance
 B - 5 potions of cancellation {unknown}
 C - 2 potions of might
 D - 2 potions of resistance
 E - 5 potions of haste
 G - 8 potions of ambrosia {unknown}
 I - 3 potions of flight
 P - 2 potions of berserk rage {unknown}
 Z - a potion of magic
Miscellaneous
 W - a phial of floods
 X - a phantom mirror


   Skills:
 - Level 16.5 Fighting
 - Level 22.1 Axes
 + Level 16.2 Crossbows
 - Level 12.4 Armour
 - Level 7.2 Dodging
 - Level 0.3 Evocations


You had 16 spell levels left.
You didn't know any spells.
Your spell library was empty.

Dungeon Overview and Level Annotations

Branches:
Dungeon (15/15)            Temple (0/1) D:6            Lair (6/6) D:11
  Swamp (3/4) Lair:3        Snake (0/4) Lair:3        Slime (0/5) Lair:6
    Orc (2/2) D:9             Elf (0/3) Orc:2        Vaults (0/5) D:13
 Depths (0/5) D:15        Ossuary (visited)          Bailey (visited)

Altars:
Dithmenos
Gozag
Makhleb
Okawaru
Qazlal
Sif Muna
Vehumet
Yredelemnul
Jiyva

Shops:
D:4 (   D:11 (   Orc:2 =((!

Portals:
Trove: D:13 (give +2 shadow dragon scales)


Innate Abilities, Weirdness & Mutations

You reflexively headbutt those who attack you in melee.
You have a pair of horns on your head.


Message History

You furiously retaliate!
You headbutt the tentacled monstrosity!
The tentacled monstrosity tentacle-slaps you but does no damage. x2
* * * LOW HITPOINT WARNING * * *
The tentacled monstrosity constricts you.
The will-o-the-wisp blinks!
Unknown command.
You cut Louise into ribbons!!!
You kill Louise!
Trog accepts your kill.
Trog appreciates your killing of a magic user.
You hear a splash. x3
You hit the tentacled monstrosity.
The goliath frog hits you but does no damage.
Your Crossbows skill increases to level 16!
Unknown command.
You completely miss the tentacled monstrosity.
The tentacled monstrosity is severely wounded.
The tentacled monstrosity tentacle-slaps you but does no damage.
The tentacled monstrosity closely misses you.
The tentacled monstrosity tentacle-slaps you.
* * * LOW HITPOINT WARNING * * *
x2 The tentacled monstrosity constricts you.
The goliath frog hits you but does no damage.
You chop the tentacled monstrosity into pieces!!!
You kill the tentacled monstrosity!
Trog accepts your kill.
Unknown command.
Unknown command.
Unknown command.
The goliath frog hits you from afar!
* * * LOW HITPOINT WARNING * * *
The acid corrodes you!
You are splashed with acid!
* * * LOW HITPOINT WARNING * * *
You are too berserk!
You are too berserk!
You enter the shallow water.
Moving in this stuff is going to be slow.
You feel a strong urge to attack something.
The will-o-the-wisp blinks!
The goliath frog hits you from afar!!
You die...

♣♣♣≈ ≈≈.≈≈≈v≈≈≈.F≈ ♣≈§.
...≈≈§v≈≈..≈≈ ♣.. ♣.≈≈.....D..≈
♣≈≈♣♣ ♣♣...........
♣♣..♣♣♣≈♣...##X####.
♣≈.≈.≈.....#.§.# #. ♣♣♣
♣.≈≈)§≈((((...# #. ♣...
♣♣≈≈F)([.!##.## .#. ♣....
♣♣.@≈≈≈.$..#...#.##
♣...§≈♣♣♣♣♣♣♣..≈≈≈.♣♣§.#......#
♣.≈.≈<♣♣...≈≈≈≈§≈♣♣..#.X....#
♣♣♣♣≈.......≈♣♣♣♣≈...#.###.+#
♣.≈≈≈≈≈..♣♣ ♣.≈≈..D.F.....
♣≈≈≈≈≈≈≈..♣ ♣≈≈≈.§........≈
♣≈.≈≈≈♣♣♣♣♣ ♣.≈≈..≈≈≈≈≈..≈≈
♣♣♣♣♣♣♣ ♣♣♣♣♣≈≈/...♣♣.$
♣≈≈..≈≈♣ .


You could see a goliath frog.

Vanquished Creatures
  A tentacled monstrosity (Swamp:3)
  An Executioner (Abyss:3)
  Louise (Swamp:3)
  A balrug (Abyss:3)
  An orc warlord (Orc:1)
  The ghost of garrulousMonolith the Blocker, a journeyman GnFi of Cheibriados (Lair:6)
  A bunyip (Swamp:2)
  An ettin (Orc:2)
  Josephine (Lair:4)
  3 eleionomae
  3 boulder beetles
  A vault guard (D:13)
  A rakshasa (Abyss:3)
  Fannar (Lair:1)
  13 hydras
  A catoblepas (Lair:2)
  A ghost crab (Swamp:1)
  4 ogre magi (Orc:2)
  4 centaur warriors
  Erica (D:8)
  A tengu warrior (D:15)
  18 two-headed ogres
  5 alligators (Swamp:2)
  4 death yaks (Lair:3)
  4 thrashing horrors (Abyss:3)
  Sonja (D:13)
  Urug (Lair:4)
  A sun demon (Abyss:3)
  A fire crab (Lair:4)
  A death drake (shapeshifter) (Abyss:3)
  4 unseen horrors
  2 skeletal warriors (D:15)
  A shadow wraith (Abyss:3)
  A spriggan druid (Swamp:2)
  An unseen horror (shapeshifter) (D:13)
  3 bog bodies
  An orange crystal statue (D:9)
  3 wizards
  3 orc knights
  A phantasmal warrior (D:15)
  3 starcursed masses (Abyss:3)
  2 swamp dragons
  2 deep elf pyromancers
  An iron dragon zombie (D:15)
  2 orc sorcerers
  3 necromancers
  2 ugly things (D:12)
  4 will-o-the-wisps
  3 cyclopes
  13 slime creatures
  2 oklob plants
  2 stone giant zombies (D:15)
  A wolf spider (D:14)
  2 manticores
  19 elephants
  A smoke demon (Abyss:3)
  An ice statue (D:9)
  2 torpor snails
  16 cane toads
  6 black mambas
  2 gargoyles (D:15)
  6 large abominations (Abyss:3)
  7 orange demons
  A rime drake (Lair:5)
  An efreet (D:14)
  A demonic crawler (Lair:4)
  8 komodo dragons
  A bloated husk (Swamp:1)
  2 yaktaurs
  An elf skeleton (D:15)
  4 red devils
  7 polar bears
  A tormentor (Abyss:3)
  A queen bee (Orc:1)
  An ancient zyme (Abyss:3)
  9 trolls
  3 tyrant leeches (Swamp:2)
  7 hornets
  13 blink frogs
  Grinder (D:3)
  15 dream sheep
  3 shadows
  16 spriggans
  A centaur simulacrum (D:14)
  7 wyverns
  4 wraiths (Lair:4)
  2 vampires
  18 humans (D:13)
  8 basilisks
  65 yaks
  3 fire bats (Abyss:3)
  Eustachio (D:4)
  2 steam dragons (D:7)
  3 vampire mosquitoes (D:15)
  8 swamp worms
  A two-headed ogre zombie (D:10)
  2 tengu zombies (D:10)
  2 acid dragons
  5 wargs
  Duvessa (D:7)
  24 water moccasins
  An ice beast (D:7)
  3 swamp drakes (Swamp:2)
  3 sky beasts
  39 orc warriors
  4 black bears
  8 boggarts
  A necrophage (D:12)
  38 ogres
  27 wolves
  14 centaurs
  2 phantoms
  4 kobold brigands
  20 bullfrogs
  Dowan (D:7)
  A water moccasin zombie (D:6)
  A wyvern zombie (D:6)
  A wyvern skeleton (D:8)
  A scorpion (D:10)
  17 killer bees
  19 wights
  An electric eel (Lair:3)
  7 howler monkeys
  2 bullfrog zombies
  4 quasits
  5 hounds
  5 bullfrog skeletons
  2 jellies
  3 centaur zombies
  A human zombie (Ossuary)
  3 iron imps (D:6)
  15 orc priests
  6 small abominations (Abyss:3)
  6 centaur skeletons
  3 iguanas
  19 orc wizards
  9 worker ants
  4 hell rats (Lair:4)
  2 hound skeletons
  A hound zombie (D:7)
  2 mummies (Ossuary)
  A worker ant zombie (D:6)
  7 gnolls
  18 adders
  2 white imps
  2 oozes
  3 ufetubi
  5 adder zombies
  4 worms
  5 leopard geckos
  77 orcs
  15 bats
  5 giant cockroaches
  4 hobgoblins
  7 jackals
  14 kobolds
  10 quokkas
  2 ball pythons
  4 frilled lizards
  7 goblins
  2 goblin zombies (Ossuary)
  8 hobgoblin zombies (Ossuary)
  8 kobold zombies (Ossuary)
  12 orc zombies
  5 rats
  4 rat zombies (Ossuary)
990 creatures vanquished.

Vanquished Creatures (others)
  An unseen horror (D:15)
  A bloated husk (Swamp:2)
  An orc wizard (Orc:1)
  22 foxfires
  38 fungi
  67 plants
  8 withered plants (D:15)
138 creatures vanquished.

Grand Total: 1128 creatures vanquished

Notes
Turn   | Place    | Note
-------+----------+-------------------------------------------
     0 | D:1      | hellse the Minotaur Berserker began the quest for the Orb.
     0 | D:1      | Reached XP level 1. HP: 19/19 MP: 0/0
   266 | D:1      | Reached skill level 4 in Axes
   307 | D:1      | Reached XP level 2. HP: 24/26 MP: 1/1
  1069 | D:2      | Found a basalt altar of Yredelemnul.
  1419 | D:2      | Reached skill level 5 in Axes
  1475 | D:2      | Reached XP level 3. HP: 31/31 MP: 2/2
  1983 | D:3      | Noticed an ogre
  1989 | D:3      | Killed an ogre
  1990 | D:3      | Reached skill level 6 in Axes
  1990 | D:3      | Reached XP level 4. HP: 39/39 MP: 3/3
  2111 | D:3      | Reached ** piety under Trog
  2133 | D:3      | Reached XP level 5. HP: 45/45 MP: 4/4
  2225 | D:3      | Reached skill level 7 in Axes
  2686 | D:3      | Noticed Grinder
  2695 | D:3      | Killed Grinder
  2696 | D:3      | Reached skill level 9 in Axes
  2696 | D:3      | Reached XP level 6. HP: 51/51 MP: 5/5
  3257 | D:4      | Found Metuim's Antique Weapon Emporium.
  3358 | D:4      | Found an iron altar of Okawaru.
  3566 | D:4      | Reached XP level 7. HP: 57/60 MP: 6/6
  3876 | D:5      | Entered Level 5 of the Dungeon
  4043 | D:5      | Noticed Eustachio
  4118 | D:4      | Killed Eustachio
  4119 | D:4      | Reached skill level 10 in Axes
  4217 | D:5      | Reached *** piety under Trog
  4712 | D:6      | Reached skill level 5 in Fighting
  4717 | D:6      | Reached XP level 8. HP: 57/71 MP: 5/7
  4866 | D:6      | Found a staircase to the Ecumenical Temple.
  4943 | D:6      | Reached skill level 11 in Axes
  5104 | D:6      | Found a radiant altar of Vehumet.
  5244 | D:6      | Found a burning altar of Makhleb.
  5506 | D:6      | Reached skill level 12 in Axes
  5606 | D:6      | Found a burning altar of Makhleb.
  5733 | D:7      | Reached XP level 9. HP: 79/79 MP: 5/8
  5758 | D:7      | Reached skill level 13 in Axes
  5786 | D:7      | Found a sand-covered staircase.
  5885 | Ossuary  | Entered an ossuary
  5914 | Ossuary  | Reached **** piety under Trog
  6490 | D:7      | Reached ***** piety under Trog
  6563 | D:7      | Found a shadowy altar of Dithmenos.
  7172 | D:7      | Noticed Duvessa
  7173 | D:7      | Noticed Dowan
  7174 | D:7      | Found an opulent altar of Gozag.
  7201 | D:7      | Killed Duvessa
  7208 | D:7      | Killed Dowan
  7263 | D:7      | Reached skill level 5 in Armour
  7586 | D:8      | Identified a polished battleaxe {god gift} (Trog gifted it
                  | to you on level 8 of the Dungeon)
  7586 | D:8      | Received a gift from Trog
  7853 | D:8      | Reached XP level 10. HP: 67/91 MP: 5/9
  8219 | D:8      | Noticed a two-headed ogre
  8225 | D:8      | Killed a two-headed ogre
  8226 | D:8      | Reached skill level 14 in Axes
  8319 | D:8      | Noticed Erica
  8325 | D:8      | Killed Erica
  8326 | D:8      | Reached skill level 15 in Axes
  8823 | D:9      | Found a staircase to the Orcish Mines.
  8970 | D:9      | Reached skill level 10 in Fighting
  9151 | D:9      | Noticed a two-headed ogre
  9161 | D:9      | Killed a two-headed ogre
  9162 | D:9      | Reached XP level 11. HP: 102/102 MP: 8/10
  9204 | D:9      | Noticed an orange crystal statue
  9216 | D:9      | Killed an orange crystal statue
 10242 | D:10     | Entered Level 10 of the Dungeon
 10258 | D:10     | Found a flagged portal.
 10271 | Bailey   | Entered a bailey
 11910 | Bailey   | Reached skill level 1 in Crossbows
 11927 | Bailey   | Found a roughly hewn altar of Beogh.
 11927 | Bailey   | Noticed an orc knight
 11932 | Bailey   | Killed an orc knight
 12178 | D:10     | Reached skill level 16 in Axes
 12387 | D:10     | Found a transporter.
 12496 | D:10     | Found a transporter.
 12741 | D:10     | Received a gift from Trog
 13144 | D:11     | Noticed a boulder beetle
 13164 | D:10     | Killed an unseen horror
 13165 | D:10     | Reached skill level 17 in Axes
 13374 | D:11     | Killed a boulder beetle
 13459 | D:11     | Found Dufu's Antique Weapon Emporium.
 13582 | D:11     | Reached XP level 12. HP: 103/110 MP: 11/11
 13694 | D:11     | Found a shimmering blue altar of Sif Muna.
 13806 | D:11     | Found a staircase to the Lair.
 14356 | Lair:1   | Entered Level 1 of the Lair of Beasts
 14406 | Lair:1   | Reached skill level 10 in Armour
 14459 | Lair:1   | Noticed Fannar
 14935 | Lair:1   | Killed Fannar
 14981 | Lair:1   | Reached skill level 18 in Axes
 15587 | Lair:2   | Noticed a four-headed hydra
 15601 | Lair:1   | Killed a four-headed hydra
 15757 | Lair:2   | Noticed a catoblepas
 15767 | Lair:1   | Reached skill level 5 in Crossbows
 16379 | Lair:2   | Killed a catoblepas
 16535 | Lair:2   | Noticed a five-headed hydra
 16541 | Lair:2   | Killed a five-headed hydra
 16552 | Lair:2   | Noticed a six-headed hydra
 16561 | Lair:2   | Killed a six-headed hydra
 16562 | Lair:2   | Reached XP level 13. HP: 71/116 MP: 5/12
 17568 | Lair:3   | Identified an ancient scale mail
 17611 | Lair:3   | Reached skill level 10 in Crossbows
 17725 | Lair:3   | Received a gift from Trog
 17791 | Lair:3   | Found a staircase to the Snake Pit.
 18235 | Lair:3   | Found a staircase to the Swamp.
 19248 | Lair:4   | Noticed Urug
 19263 | Lair:4   | Killed Urug
 19369 | Lair:4   | Reached skill level 19 in Axes
 19629 | Lair:4   | Noticed Josephine
 19646 | Lair:4   | Killed Josephine
 20199 | Lair:5   | Received a gift from Trog
 20209 | Lair:5   | Reached XP level 14. HP: 124/124 MP: 10/13
 20733 | Lair:5   | Reached skill level 20 in Axes
 21622 | Lair:6   | Entered Level 6 of the Lair of Beasts
 21696 | Lair:6   | Found a viscous altar of Jiyva.
 21697 | Lair:6   | Found a staircase to the Slime Pits.
 21963 | Lair:6   | Noticed garrulousMonolith's ghost (journeyman GnFi)
 22147 | Lair:6   | Found a runed translucent gate.
 22147 | Lair:6   | Found a runed translucent gate.
 22166 | Lair:6   | Found a runed translucent gate.
 22600 | Lair:6   | Reached ****** piety under Trog
 22632 | Lair:6   | Reached skill level 5 in Dodging
 23054 | Lair:6   | Received a gift from Trog
 23495 | Lair:6   | Killed garrulousMonolith's ghost
 23496 | Lair:6   | Reached skill level 15 in Fighting
 24099 | D:12     | Reached XP level 15. HP: 126/141 MP: 12/14
 25008 | D:13     | Noticed Sonja
 25011 | D:13     | Killed Sonja
 25101 | D:13     | Received a gift from Trog
 25600 | D:13     | Found a gate to the Vaults.
 25741 | D:13     | Found a portal to a secret trove of treasure.
 26173 | D:14     | Cast into level 3 of the Abyss (a wizard)
 26494 | Abyss:3  | Noticed a tentacled starspawn
 26545 | Abyss:3  | Noticed an Executioner
 26554 | Abyss:3  | Killed an Executioner
 26555 | Abyss:3  | Reached skill level 21 in Axes
 26945 | Abyss:3  | Received a gift from Trog
 27029 | D:14     | Escaped the Abyss
 27795 | D:14     | Found a shadowy altar of Dithmenos.
 28014 | D:15     | Entered Level 15 of the Dungeon
 28231 | D:15     | Reached skill level 22 in Axes
 28234 | D:15     | Reached XP level 16. HP: 134/152 MP: 12/15
 28674 | D:15     | Found a stormy altar of Qazlal.
 28754 | D:15     | Received a gift from Trog
 28985 | D:15     | Found a staircase to the Depths.
 29741 | Orc:1    | Entered Level 1 of the Orcish Mines
 30753 | Orc:2    | Entered Level 2 of the Orcish Mines
 30929 | Orc:2    | Found a burning altar of Makhleb.
 31000 | Orc:2    | Found a staircase to the Elven Halls.
 31006 | Orc:2    | Received a gift from Trog
 31549 | Orc:2    | Found Ocaxzil's Weapon Shop.
 31549 | Orc:2    | Found Fueret's Distillery.
 31552 | Orc:2    | Found Wuenise's Jewellery Emporium.
 31552 | Orc:2    | Found Faxivox's Weapon Shop.
 31908 | Orc:2    | Bought a potion of degeneration for 17 gold pieces
 31908 | Orc:2    | Bought a potion of flight for 51 gold pieces
 31971 | Orc:2    | Bought an amulet of regeneration for 480 gold pieces
 31984 | Orc:2    | Bought a +4 ring of slaying for 1248 gold pieces
 32206 | Swamp:1  | Entered Level 1 of the Swamp
 32926 | Swamp:1  | Reached skill level 15 in Crossbows
 34024 | Swamp:2  | Reached XP level 17. HP: 141/159 MP: 16/16
 34435 | Swamp:3  | Noticed a tentacled monstrosity
 34435 | Swamp:3  | Noticed Louise
 34621 | Swamp:3  | Received a gift from Trog
 34637 | Swamp:3  | Killed Louise
 34639 | Swamp:3  | Killed a tentacled monstrosity
 34640 | Swamp:3  | HP: 9/232 [acid (10)]
 34642 | Swamp:3  | Mangled by a goliath frog

Illustrated notes

Levels and vault maps discovered:
D:1:      lightli_arrival_boilingwater, layout_loops_ring, corexii_corridor_pit
D:2:      layout_loops_corners, old_standard_altar
D:3:      layout_loops_ring, kennysheep_generic_room_3, uniq_grinder
D:4:      layout_loops_ring, serial_shops, nicolae_shop_stone,
          okawaru_gym_becter
D:5:      layout_rooms, kennysheep_small_circle, uniq_eustachio
D:6:      layout_basic, vehumet_crystals, demons_altar,
          minmay_temple_entry_junction, makhleb_heckhound_becter
D:7:      cheibrodos_steamvent, layout_loops_ring, kennysheep_mini_moat,
          grunt_gozag_statues, chequers_ossuary_entry_cave, minmay_microvault,
          uniq_duvessa
D:8:      layout_basic, uniq_erica
D:9:      minmay_separated_statues, layout_stronghold, david_orc_3
D:10:     gammafunk_cloud_chamber, layout_irregular_city, enter_bailey_5
D:11:     layout_irregular_city, dpeg_oklobed_lair, serial_shops,
          nicolae_shop_waterfront, minmay_misc_feat_diagonals, led_sif_book
D:12:     layout_gridville
D:13:     layout_loops_ring, grunt_vaults_entry_tiered, enter_trove_2,
          uniq_sonja
D:14:     layout_rooms, grunt_dithmenos_shadows, minmay_misc_feat_more_columns,
          minmay_misc_feat_rows, minmay_beelzebubs_servants
D:15:     gammafunk_depths_entry_grave, layout_rooms, basic_altar,
          chequers_mini_garden
Lair:1:   layout_regular_city, infiniplex_staircase_pool_2, grunt_megastairs_4,
          lemuel_fruit_fields, uniq_fannar
Lair:2:   layout_gridlike
Lair:3:   layout_small_grid, nicolae_swamp_entry_splash_gauntlet,
          dummy_snake_entry, grunt_megastairs_3, serial_bayou_shore_b
Lair:4:   layout_loops_ring, worms_lemuel, uniq_josephine, uniq_urug
Lair:5:   layout_layer_cave, beast_lair_carwin_5
Lair:6:   minmay_lair_end_enchanted_forest, layout_loops_ring, slime_altar_1,
          gammafunk_ghost_split, minmay_stone_trees_small,
          nicolae_quartered_pool_little, lemuel_fruit_tree, serial_bayou_shore_b
Swamp:1:  layout_basic_swamp, hangedman_swamp_ruin_wall
Swamp:2:  layout_basic_swamp, nicolae_swamp_little_tower, swamp_pool4
Swamp:3:  layout_basic_swamp, evilmike_swamp_ruin_house_1, uniq_louise
Orc:1:    layout_caves, special_room [special_room_bee],
          nicolae_orc_stony_grotto
Orc:2:    st_orc_ogre_mass, layout_diamond_mine, lemuel_statue_altar

Skill      XL: |  1  2  3  4  5  6  7  8  9 10 11 12 13 14 15 16 17 |
---------------+----------------------------------------------------+-----
Axes           | 4 5 6 9 10 12 13 15 17 18 19 20 22 | 22.1
Fighting       | 4 6 7 9 11 15 16 | 16.5
Armour         | 5 6 8 10 12 | 12.4
Dodging        | 3 7 |  7.2
Crossbows      | 3 8 12 15 16 | 16.2
Evocations     | |  0.3

Action                   |  1- 3 |  4- 6 |  7- 9 | 10-12 | 13-15 | 16-18 || total
-------------------------+-------+-------+-------+-------+-------+-------++-------
Melee: Hand axe          |    85 |   122 |   442 |       |       |       ||   649
       Headbutt          |    14 |    19 |    89 |    51 |   186 |    76 ||   435
       Battleaxe         |       |       |    15 |   321 |   798 |   327 ||  1461
       Executioner's axe |       |       |       |       |    33 |    12 ||    45
 Fire: Arbalest          |       |       |       |    35 |    60 |    64 ||   159
Throw: Javelin           |       |       |       |     8 |       |       ||     8
Invok: Berserk           |     1 |     1 |     5 |    11 |     6 |     4 ||    28
       Trog's Hand       |       |       |       |     1 |       |       ||     1
Evoke: Wand              |       |       |       |       |     1 |     2 ||     3
  Use: Scroll            |       |       |     4 |     7 |    10 |     2 ||    23
       Potion            |       |       |       |     4 |     2 |       ||     6
 Stab: Paralysed         |       |       |       |       |     2 |       ||     2
       Distracted        |       |       |       |       |     1 |       ||     1
Armor: Animal skin       |    15 |       |       |       |       |       ||    15
       Plate armour      |    26 |    71 |   228 |   300 |   503 |   139 ||  1267
       Ring mail         |       |       |       |       |       |    33 ||    33
Dodge: Dodged            |    49 |    41 |   107 |   177 |   339 |   165 ||   878
Block: Buckler           |       |     8 |    38 |       |       |       ||    46

Table legend: (Time is in decaauts)
 A = Elapsed time spent in this place.
 B = Non-inter-level travel time spent in this place.
 C = Inter-level travel time spent in this place.
 D = Time resting spent in this place.
 E = Time spent auto-exploring this place.
 F = Levels seen in this place.
 G = Mean time per level.
                   A        B        C        D        E       F      G
               +--------+--------+--------+--------+--------+-----+--------+
         Total |  34754 |  32891 |   1863 |   7618 |  20153 |  29 | 1198.4 |
       Dungeon |  17407 |  16469 |    938 |   2357 |  11552 |  15 | 1160.5 |
          Lair |   9911 |   9232 |    679 |   2483 |   5580 |   6 | 1651.8 |
         Swamp |   2256 |   2124 |    132 |    693 |   1180 |   3 |  752.0 |
  Orcish Mines |   2126 |   2013 |    113 |    275 |   1428 |   2 | 1063.0 |
         Abyss |    848 |    848 |      0 |    572 |      0 |   1 |  848.0 |
       Ossuary |    335 |    335 |      0 |      0 |    192 |   1 |  335.0 |
        Bailey |   1869 |   1869 |      0 |   1236 |    220 |   1 | 1869.0 |
               +--------+--------+--------+--------+--------+-----+--------+

Top non-repeatable levels by time:
  Lair:6: 2230 daAuts
  Lair:1: 2065 daAuts
  Bailey: 1869 daAuts
     D:9: 1651 daAuts
  Lair:3: 1633 daAuts
     D:7: 1494 daAuts
  Lair:5: 1432 daAuts
  Lair:4: 1413 daAuts
    D:13: 1400 daAuts
    D:15: 1339 daAuts
    D:10: 1330 daAuts
    D:14: 1291 daAuts
   Orc:2: 1258 daAuts
     D:8: 1255 daAuts
     D:6: 1161 daAuts
